 Dungeon Crawl Stone Soup version 0.19.1 (webtiles) character file.

148 tagomago the Slasher (level 5, -1/45 HPs)
             Began as a Minotaur Abyssal Knight on Dec 4, 2016.
             Was a Believer of Lugonu.
             Slain by a gnoll
             ... wielding a +0 spear
              (6 damage)
             ... on level 4 of the Dungeon.
             The game lasted 00:06:07 (3672 turns).

tagomago the Slasher (Minotaur Abyssal Knight)      Turns: 3672, Time: 00:06:08

Health: -1/45      AC:  6    Str: 17    XL:     5   Next: 8%
Magic:  5/5        EV: 11    Int:  9    God:    Lugonu [**....]
Gold:   139        SH:  0    Dex: 10    Spells: 0 memorised, 4 levels left

rFire  . . .     SeeInvis .     a - +1 falchion
rCold  . . .     Gourm    .     b - +0 leather armour
rNeg   . . .     Faith    .     (no shield)
rPois  .         Spirit   .     (helmet restricted)
rElec  .         Reflect  .     (no cloak)
rCorr  .         Harm     .     n - +2 pair of gloves
MR     .....                    (no boots)
Stlth  +.........               (no amulet)
                                (no ring)
                                l - ring of flight

@: no status effects
A: retaliatory headbutt, horns 2
a: Depart the Abyss, Bend Space, Renounce Religion, Evoke Flight


You were on level 4 of the Dungeon.
You worshipped Lugonu.
Lugonu was pleased with you.
You were not hungry.

You visited 1 branch of the dungeon, and saw 4 of its levels.
You visited the Abyss 1 time.

You collected 139 gold pieces.

Inventory:

Hand Weapons
 a - a +1 falchion (weapon)
Armour
 b - a +0 leather armour (worn)
 n - a +2 pair of gloves (worn)
Jewellery
 l - a ring of flight (left hand)
Wands
 p - a wand of paralysis (21/24)
Scrolls
 d - 3 scrolls of teleportation {unknown}
 f - a scroll of identify {unknown}
 g - a scroll of fog {unknown}
 h - a scroll of remove curse {unknown}
 k - a scroll of magic mapping {unknown}
Potions
 c - a potion of heal wounds {unknown}
 e - a potion of agility {unknown}
 j - a potion of brilliance {unknown}
 m - a potion of degeneration {unknown}
Comestibles
 i - 3 beef jerkies
 o - a bread ration
 q - a meat ration


   Skills:
 - Level 3.6 Fighting
 * Level 6.1 Long Blades
 - Level 2.6 Armour
 - Level 1.1 Dodging
 + Level 2.1 Invocations


You had 4 spell levels left.
You didn't know any spells.

Dungeon Overview and Level Annotations

Branches:
Dungeon (4/15)
 Temple: D:4-7

Altars:
Gozag
Makhleb
Nemelex Xobeh
Ru
Sif Muna
Xom
Yredelemnul


Innate Abilities, Weirdness & Mutations

You reflexively headbutt those who attack you in melee.
You have a pair of horns on your head.


Message History

The orc hits you but does no damage.
You hit the orc.
You kill the orc!
Lugonu accepts your kill.
You have reached level 5!
The gnoll barely misses you. The gnoll hits you with a halberd.
* * * LOW HITPOINT WARNING * * *
You slash the gnoll! You headbutt the gnoll.
You kill the gnoll!
Lugonu accepts your kill. The gnoll hits you with a spear.
* * * LOW HITPOINT WARNING * * *
You hit the gnoll but do no damage.
The gnoll is moderately wounded.
The gnoll hits you with a spear!
* * * LOW HITPOINT WARNING * * *
You hit the gnoll. Your headbutt misses the gnoll.
The gnoll is heavily wounded.
The gnoll hits you with a spear.
You die...

#.........
#.........
#......... ≈≈≈≈
♣#......?.. ≈≈♣≈≈
.......P≈. ≈≈≈≈P≈
.......P≈ ≈♣≈≈≈≈≈
#)g≈P≈P≈P ≈P≈P♣≈≈
#@w≈≈≈≈♣
≈≈≈≈≈≈≈♣♣#.†≈♣♣♣♣
P≈≈≈≈≈♣≈P♣≈.P≈≈♣
≈≈≈≈≈≈≈≈≈≈♣..P≈♣
≈≈≈≈≈≈≈≈≈≈♣.P≈≈P≈≈P
≈≈≈≈≈≈≈≈≈♣♣#..PP≈≈≈
≈≈≈≈≈≈≈≈≈P♣ ##.#..P
≈≈≈≈≈≈≈≈≈≈♣# .####
≈≈≈≈≈≈≈≈≈≈♣≈# ..


You could see a gnoll and a dart slug.

Vanquished Creatures
  A hound skeleton (D:3)
  A gnoll (D:4)
  2 adders (D:2)
  4 worms
  2 dart slugs
  2 leopard geckos (D:2)
  14 orcs
  A giant cockroach (D:4)
  7 goblins
  7 hobgoblins
  2 jackals (D:2)
  2 quokkas
  2 ball pythons
  8 bats
  6 frilled lizards
  A jackal skeleton (D:4)
  4 kobolds
  A leopard gecko skeleton (D:4)
  9 rats
76 creatures vanquished.

Notes
Turn   | Place    | Note
-------+----------+-------------------------------------------
     0 | Abyss:1  | tagomago the Minotaur Abyssal Knight began the quest for the Orb.
     0 | Abyss:1  | Reached XP level 1. HP: 19/19 MP: 1/1
     0 | D:1      | Escaped the Abyss
    90 | D:1      | Reached * piety under Lugonu
   253 | D:1      | Reached skill level 3 in Long Blades
   253 | D:1      | Reached XP level 2. HP: 26/26 MP: 2/2
   604 | D:2      | Found an opulent altar of Gozag.
  1113 | D:2      | Reached XP level 3. HP: 29/31 MP: 3/3
  1116 | D:2      | Reached skill level 4 in Long Blades
  1695 | D:2      | HP: 1/31 [poisoned by an adder]
  2444 | D:2      | Reached skill level 5 in Long Blades
  2444 | D:2      | Reached XP level 4. HP: 8/39 MP: 4/4
  2780 | D:2      | Found a deep blue altar of Sif Muna.
  2935 | D:3      | Found a sparkling altar of Nemelex Xobeh.
  2949 | D:3      | Reached ** piety under Lugonu
  3120 | D:3      | Found a sacrificial altar of Ru.
  3532 | D:3      | Found a basalt altar of Yredelemnul.
  3535 | D:3      | Found a shimmering altar of Xom.
  3538 | D:3      | Found a burning altar of Makhleb.
  3652 | D:4      | Reached skill level 6 in Long Blades
  3669 | D:4      | Reached XP level 5. HP: 17/45 MP: 5/5
  3672 | D:4      | Slain by a gnoll

Skill      XL: |  1  2  3  4 |
---------------+-------------+-----
Long Blades    | 3 5 6 |  6.1
Invocations    | 2 |  2.1
Fighting       | |  3.6
Armour         | |  2.6
Dodging        | |  1.1

Action                   |  1- 3 |  4- 6 || total
-------------------------+-------+-------++-------
Melee: Falchion          |    93 |    72 ||   165
       Headbutt          |    14 |    15 ||    29
Invok: Depart the Abyss  |     1 |       ||     1
  Eat: Bread ration      |     1 |     1 ||     2
       Chunk             |       |     1 ||     1
Armor: Leather armour    |    15 |    14 ||    29
Dodge: Dodged            |    62 |    35 ||    97
       Rpst.: Falchion   |    20 |    11 ||    31
